 Dungeon Crawl Stone Soup version 0.32-a0-391-gce5c0aab1b (webtiles) character file.

Game seed: 8171550440366150398

154 seren the Charlatan (level 5, -1/38 HPs)
             Began as a Coglin Artificer on Feb 19, 2024.
             Slain by a gnoll
             ... wielding a +0 spear
              (5 damage)
             ... on level 3 of the Dungeon.
             The game lasted 00:04:46 (2163 turns).

seren the Charlatan (Coglin Artificer)              Turns: 2163, Time: 00:04:47

Health: -1/38      AC:  5    Str: 12    XL:     5   Next: 36%
Magic:  5/5        EV: 11    Int: 11    God:
Gold:   114        SH:  0    Dex: 16    Spells: 4/4 levels left

rFire   . . .        j - +0 dagger {Wystan}
rCold   . . .        i - +0 short sword {Rabni}
rNeg    . . .        g - +0 ring mail
rPois   .            (no helmet)
rElec   .            (no cloak)
rCorr   .            (no gloves)
SInv    .            (no boots)
Will    .....        (no amulet)
Stlth   +            (no ring)
HPRegen 0.26/turn    (no ring)
MPRegen 0.09/turn

%: no passive effects
@: revved, stiff-legged, very slow
A: off-hand wielding, slow wielding, warmup strikes, warmup strides
a: no special abilities


You were on level 3 of the Dungeon.
You visited 1 branch of the dungeon, and saw 3 of its levels.

You collected 114 gold pieces.

Inventory:

Hand Weapons
 a - a +0 club {Titus}
 i - a +0 short sword (worn) {Rabni}
 j - a +0 dagger (weapon) {Wystan}
Armour
 b - a +0 leather armour
 g - a +0 ring mail (worn)
Wands
 c - a wand of flame (15) (quivered)
 d - a wand of charming (15)
 e - a wand of iceblast (5)
 n - a wand of digging (4)
Scrolls
 f - a scroll of teleportation {!r}
 k - a scroll of blinking {unknown}
 m - a scroll of amnesia {unknown}
 o - a scroll of vulnerability {unknown}
 q - a scroll of identify
 r - a scroll of silence {unknown}
 u - a scroll of revelation {unknown}
 v - a scroll of brand weapon {unknown}
 w - a scroll of poison {unknown}
Potions
 h - a potion of curing
 l - a potion of lignification
 p - a potion of resistance {unknown}
 s - a potion of haste {unknown}
 t - a potion of berserk rage {unknown}
 x - a potion of attraction {unknown}


   Skills:
 + Level 2.0 Fighting
 * Level 2.0 Short Blades
 + Level 2.5 Armour
 + Level 1.9 Dodging
 - Level 1.6 Stealth
 + Level 4.7 Evocations


You had 4 spell levels left.
You didn't know any spells.
Your spell library was empty.

Dungeon Overview and Level Annotations

Branches:
Dungeon (3/15)

Altars:

Shops:
D:1 =   D:3 [

Annotations:
D:3 exclusion: 2 doors


Innate Abilities, Weirdness & Mutations

You can wield a second weapon in your off-hand.
It takes a long time for you to wield or remove held weapons.
Your first few attacks do less damage.
Your first movements take longer.


Message History

You hit the endoplasm with your +0 dagger.
You kill the endoplasm!
The gnoll hits you from afar with a +0 spear.
* * * LOW HITPOINT WARNING * * *
Your Short Blades skill increases to level 2!
The gnoll hits you from afar with a +0 halberd!
* * * LOW HITPOINT WARNING * * *
The gnoll barely misses you.
The gnoll hits you from afar with a +0 halberd.
* * * LOW HITPOINT WARNING * * *
The gnoll hits you with a +0 spear.
* * * LOW HITPOINT WARNING * * *
You see here a +0 club.
You hit the gnoll with your +0 short sword.
The gnoll is lightly wounded.
You closely miss the gnoll with your +0 dagger.
The gnoll closely misses you. The gnoll misses you.
You barely miss the gnoll with your +0 short sword.
The gnoll is lightly wounded.
You hit the gnoll but do no damage.
The gnoll hits you from afar with a +0 halberd.
* * * LOW HITPOINT WARNING * * *
The gnoll closely misses you.
You hit the gnoll with your +0 short sword.
The gnoll is moderately wounded.
You closely miss the gnoll with your +0 dagger.
The gnoll barely misses you. The gnoll closely misses you.
You barely miss the gnoll with your +0 short sword.
The gnoll is moderately wounded.
You closely miss the gnoll with your +0 dagger.
The gnoll hits you but does no damage. The gnoll barely misses you.
You hit the gnoll but do no damage.
The gnoll is moderately wounded.
You closely miss the gnoll with your +0 dagger.
The gnoll hits you but does no damage.
You hit the gnoll but do no damage.
The gnoll is moderately wounded.
You hit the gnoll with your +0 short sword.
The gnoll hits you with a +0 spear.
You die...

..~~~.~~~...~.~~.~~~.~~~~.~g.~
............................
..........................$
###..#.#..##..##..###.##.#
.......##.##.####......g.#
.>...........# ######g####
......##...##### #.....###
...............######........#
......##...###..@gg.......##.#
......###.## ########.....#
########...# #..>..# ## ##.###
####### .# ###...### .#
#.......########## .#
#.......##.......#
.######.....>.##.......#
.....##.#.....##....<..#


You could see 2 gnolls.

Vanquished Creatures
  A gnoll (D:3)
  3 adders
  A ribbon worm (D:2)
  3 dart slugs (D:2)
  3 ball pythons (D:1)
  4 endoplasms
  5 giant cockroaches
  4 goblins
  5 hobgoblins
  9 jackals
  2 quokkas
  3 bats
  5 frilled lizards
  8 kobolds
  5 rats
61 creatures vanquished.

Notes
Turn   | Place    | Note
-------+----------+-------------------------------------------
     0 | D:1      | seren the Coglin Artificer began the quest for the Orb.
     0 | D:1      | Reached XP level 1. HP: 15/15 MP: 1/1
    90 | D:1      | Reached skill level 1 in Dodging
   106 | D:1      | Reached skill level 1 in Stealth
   108 | D:1      | Reached XP level 2. HP: 16/21 MP: 2/2
   310 | D:1      | Reached XP level 3. HP: 26/26 MP: 3/3
   413 | D:1      | Found Roro's Jewellery Shoppe.
   450 | D:1      | Reached skill level 1 in Short Blades
   992 | D:2      | Reached XP level 4. HP: 32/32 MP: 4/4
  1835 | D:3      | Reached XP level 5. HP: 38/38 MP: 5/5
  1905 | D:3      | Found Wuik's Armour Boutique.
  2163 | D:3      | Slain by a gnoll

Illustrated notes

Levels and vault maps discovered:
D:1:      dpeg_arrival_three_same_balls, layout_basic, serial_shops, shop
D:2:      layout_loops_ring
D:3:      minmay_goblin_kobold_castle, layout_loops_cross,
          grunt_temple_overflow_order_and_chaos_2, serial_shops, shop_statue,
          kennysheep_boxes

Skill      XL: |  1  2  3  4  5 |
---------------+----------------+-----
Dodging        | 1 |  1.9
Stealth        | 1 |  1.6
Armour         | 2 |  2.5
Short Blades   | 1 2 |  2.0
Fighting       | 2 |  2.0
Evocations     | |  4.7

Action                     |  1- 3 |  4- 6 || total
---------------------------+-------+-------++-------
  Melee: Club              |    20 |       ||    20
         Short sword       |    79 |   100 ||   179
         Dagger            |    68 |   100 ||   168
    Use: Scroll            |     1 |     2 ||     3
   Stab: Sleeping          |       |     2 ||     2
 Armour: Ring mail         |    59 |    65 ||   124
  Dodge: Dodged            |    58 |    71 ||   129

Table legend: (Time is in decaauts)
 A = Elapsed time spent in this place.
 B = Non-inter-level travel time spent in this place.
 C = Inter-level travel time spent in this place.
 D = Time resting spent in this place.
 E = Time spent auto-exploring this place.
 F = Levels seen in this place.
 G = Mean time per level.
                   A        B        C        D        E       F      G
               +--------+--------+--------+--------+--------+-----+--------+
         Total |   2225 |   2158 |     67 |    120 |   1434 |   3 |  741.7 |
       Dungeon |   2225 |   2158 |     67 |    120 |   1434 |   3 |  741.7 |
               +--------+--------+--------+--------+--------+-----+--------+

Top non-repeatable levels by time:
     D:1: 873 daAuts
     D:2: 829 daAuts
     D:3: 522 daAuts
